AoeStats
← Henkjood

MegaRandom

507817754Analyzed
4v4 RM · 11d ago on Sep 19, 2026· 40m 38s· 8 players
Game mode
Random Map
Map size
Large (8 player)
Population
200
Speed
Normal
Resources
Standard
Victory
Conquest
Starting age
Dark Age
Ending age
Imperial Age
RankedLock teamsTeams togetherTeam positionsShared explorationLock speedFull tech treeHidden civsTurbo modeCheats
Victory
Defeat
🇩🇪 Britons · Germany
1146
+15
🇲🇽 Persians · Mexico
1131
+16
🇹🇷 Hindustanis · Türkiye
1125
+16
🇨🇦 Armenians · Canada
1104
+17
🇳🇱 Mongols · Netherlands
1233
-20
🇨🇱 Saracens · Chile
1168
-18
🇳🇱 Spanish · Netherlands
1147
-17
🇳🇱 Cumans · Netherlands
954
-9
Isildur letoutdur
0:29 Loom
13:38 Feudal Age
14:09 Double-Bit Axe
14:22 Gold Mining
14:49 Horse Collar
14:43 Man-at-Arms
15:08 Arson
15:27 Long Swordsman
16:23 Scale Mail Armor
16:34 Forging
21:42 Castle Age
22:48 Bow Saw
22:07 Two-Handed Swordsman
22:32 Gambesons
23:16 Squires
25:20 Wheelbarrow
27:51 Champion
29:49 Pikeman
37:39 Halberdier
42:09 Imperial Age
40:09 Heavy Plow
40:46 Gold Shaft Mining
40:02 Stone Mining
41:32 Hand Cart
41:03 Town Watch
fabrogtz
7:40 Loom
12:09 Feudal Age
19:52 Castle Age
18:10 Double-Bit Axe
18:07 Horse Collar
19:41 Stone Mining
20:30 Heavy Plow
20:42 Bow Saw
20:32 Pikeman
22:31 Wheelbarrow
22:27 Fletching
24:13 Hand Cart
24:23 Forging
27:35 Kamandaran
28:44 Crossbowman
29:39 Bodkin Arrow
31:50 Padded Archer Armor
34:01 Thumb Ring
34:30 Ballistics
37:38 Leather Archer Armor
Seelenreiniger
7:10 Loom
8:00 Loom
9:50 Feudal Age
9:32 Loom
10:30 Loom
11:42 Loom
14:21 Castle Age
12:51 Double-Bit Axe
14:13 Horse Collar
15:23 Heavy Plow
23:51 Fletching
24:01 Padded Archer Armor
24:48 Gold Mining
25:32 Bodkin Arrow
27:45 Ballistics
29:26 Yeomen
31:50 Imperial Age
30:14 Leather Archer Armor
33:09 Coinage
33:41 Chemistry
32:44 Bracer
33:15 Ring Archer Armor
32:47 Stone Mining
33:33 Gold Shaft Mining
33:47 Conscription
34:15 Bow Saw
34:44 Wheelbarrow
33:54 Town Watch
34:43 Elite Longbowman
Frosty
8:51 Loom
10:52 Feudal Age
12:56 Horse Collar
13:02 Double-Bit Axe
15:05 Bloodlines
15:22 Forging
15:58 Scale Barding Armor
16:59 Wheelbarrow
21:05 Castle Age
Henkjood
2:33 Loom
12:28 Feudal Age
15:11 Double-Bit Axe
19:32 Castle Age
18:06 Horse Collar
25:08 Wheelbarrow
24:36 Heavy Plow
24:49 Bow Saw
26:40 Scale Mail Armor
27:05 Scale Barding Armor
31:09 Hand Cart
32:20 Forging
38:16 Imperial Age
36:53 Fletching
ShootingDutchman
12:18 Feudal Age
16:46 Castle Age
15:33 Double-Bit Axe
15:31 Horse Collar
17:03 Scale Barding Armor
18:29 Forging
23:38 Loom
24:32 Bloodlines
24:43 Heavy Plow
26:05 Town Watch
26:25 Husbandry
26:46 Chain Barding Armor
27:45 Bow Saw
33:48 Imperial Age
32:53 Wheelbarrow
32:49 Fishing Lines
33:49 Cavalier
35:06 Plate Barding Armor
36:55 Chemistry
36:37 Iron Casting
37:33 Ballistics
37:01 Paladin
Chelowolf
7:14 Loom
9:47 Feudal Age
18:47 Castle Age
18:18 Fletching
18:48 Crossbowman
20:03 Bodkin Arrow
26:11 Padded Archer Armor
29:20 Elite Skirmisher
33:37 Double-Bit Axe
37:26 Imperial Age
36:57 Leather Archer Armor
38:10 Bracer
40:06 Ballistics
40:53 Chemistry
Zaadlucht
11:29 Feudal Age
12:44 Double-Bit Axe
16:13 Castle Age
13:58 Horse Collar
19:18 Husbandry
23:51 Bloodlines
24:32 Loom
36:45 Fletching
Connection lost

Rejoining the realm…

Still unreachable

The connection could not be restored.

Session expired

The server has moved on; the page needs a fresh start.